 Dungeon Crawl Stone Soup version 0.28.0-45-g0d030f2227 (webtiles) character file.

Game seed: 8222899474196166579

446 zeratav the Insei (level 7, -5/46 HPs)
             Began as an Octopode Transmuter on Apr 10, 2022.
             Slain by Pikel
             ... wielding a +2 whip of electrocution
              (7 damage)
             ... on level 4 of the Dungeon.
             The game lasted 00:08:26 (6000 turns).

zeratav the Insei (Octopode Transmuter)             Turns: 6000, Time: 00:08:27

Health: -5/46      AC:  1    Str: 10    XL:     7   Next: 3%
Magic:  10/10      EV: 14    Int: 15    God:
Gold:   67         SH:  0    Dex: 14    Spells: 9/10 levels left

rFire   . . .      SeeInvis .     - Unarmed
rCold   . . .      Faith    .   (no shield)
rNeg    . . .      Spirit   .   (helmet restricted)
rPois   .          Reflect  .   (no amulet)
rElec   .          Harm     .   f - ring of flight
rCorr   .          Rampage  .   g - ring of wizardry
Will    .....                   (no ring)
Stlth   ++++......              (no ring)
HPRegen 0.15/turn               (no ring)
MPRegen 0.12/turn               (no ring)
                                (no ring)
                                (no ring)

@: flying
A: almost no armour, amphibious, 8 rings, camouflage 1, gelatinous body 1,
(nimble swimmer 1), tentacles
a: no special abilities


You were on level 4 of the Dungeon.
You visited 2 branches of the dungeon, and saw 5 of its levels.

You collected 67 gold pieces.


Innate Abilities, Weirdness & Mutations

You cannot wear most types of armour.
You are amphibious.
You can wear up to eight rings at the same time.
Your skin changes colour to match your surroundings (Stealth+).
Your rubbery body absorbs attacks. (AC +1, EV +1)
((You are camouflaged when in or above water. (Stealth+)))
You have tentacles for arms and can constrict up to eight enemies at once.


   Skills:
 + Level 3.1 Fighting
 + Level 3.6 Dodging
 + Level 4.3 Stealth
 * Level 5.3 Unarmed Combat
 - Level 2.0 Spellcasting
 - Level 2.0 Transmutations


You had 9 spell levels left.
You knew the following spells:

 Your Spells              Type           Power      Damage    Failure   Level
a - Beastly Appendage     Tmut           14%        N/A       4%          1

Your spell library contained the following spells:

 Spells                   Type           Power      Damage    Failure   Level
 Wereblood                Tmut           7%         N/A       6%          2
 Blink                    Tloc           2%         N/A       13%         2
 Static Discharge         Conj/Air       1%         N/A       13%         2
 Spider Form              Tmut/Pois      4%         N/A       17%         3
 Lesser Beckoning         Tloc           1%         N/A       26%         3
 Tukima's Dance           Hex            1%         N/A       26%         3
 Ice Form                 Ice/Tmut       4%         N/A       47%         4
 Anguish                  Hex/Necr       0%         N/A       61%         4
 Lightning Bolt           Conj/Air       0%         1d11      91%         5
 Manifold Assault         Tloc           1%         N/A       91%         5
 Enfeeble                 Hex            0%         N/A       100%        7
 Maxwell's Capacitive Co  Air            0%         ∞         100%        8

Inventory:

Jewellery
 f - a ring of flight (left tentacle)
   (You found it on level 1 of the Dungeon)
 g - a ring of wizardry (right tentacle)
   (You found it on level 1 of the Dungeon)
 m - a ring of ice
   (You took it off a hobgoblin on level 2 of the Dungeon)
Wands
 j - a wand of acid (9)
   (You found it on level 2 of the Dungeon)
Scrolls
 c - a scroll of amnesia {unknown}
 h - a scroll of enchant weapon {unknown}
 i - a scroll of torment {unknown}
 k - a scroll of acquirement {unknown}
 l - 3 scrolls of immolation {unknown}
 o - a scroll of vulnerability {unknown}
 s - a scroll of fog {unknown}
 t - a scroll of noise {unknown}
Potions
 a - 2 potions of curing {unknown}
 b - 2 potions of attraction {unknown}
 d - a potion of invisibility {unknown}
 e - 2 potions of brilliance {unknown}
 n - a potion of mutation {unknown}
 p - a potion of lignification {unknown}
 q - a potion of ambrosia {unknown}
 r - a potion of resistance {unknown}

Dungeon Overview and Level Annotations

Branches:
Dungeon (4/15)             Temple (1/1) D:4

Altars:
Cheibriados
Dithmenos
Gozag
Makhleb
Okawaru
Qazlal
Ru
Trog
Uskayaw
Vehumet
Wu Jian

Shops:
D:1 !   D:3 ((?**

Annotations:
D:4 Pikel
Temple Grinder

..†..#.#...#.<.............#.##
.###.#.#.#.#.#......#..#####.#
.#(..#.#.#.#.#......#..# #.#
.#####.###.###......#..#####<###
...........# #......#..........#
##############......#.###......#
.#..............⌠..............#
>............#..K..######......#
.............5⌠.@.⌠# #......#
.#..........##..5..## #......#
.#..........##..⌠(..# ###.####
.#..........##......# #.#
............#####..)### #.#
#...####...## ##....#####.####
#..###...#.########............##
.......###.......##..........#.#.
.......# #######.............#[#(


You could see Pikel and 2 lemures.


Message History

a - 2 sedimented golden potions (gained 1)
You see here 19 bolts.
Things that are here:
a +0 whip {mace}; a +0 hand axe {axe} You see here 20 sling bullets.
You see here a +0 club {mace}.
There is a fountain of sparkling water here.
A hound comes into view.
The hound barks!
MP[+1]
Your mp is fully restored (9).
One of your tentacles grows a vicious spike.
MP[-1]
You lost 1 mp, and now have 8/9 mp.
The hound barely misses you.
You tentacle-slap the hound but do no damage.
Your grab misses the hound.
You pierce the hound.
The hound barely misses you. The hound bites you.
HP[-1]
You take 1 damage, and now have 41/42 hp.
You tentacle-slap the hound. Your grab misses the hound.
Your tentacle spike misses the hound.
The hound bites you.
HP[-2]
You take 2 damage, and now have 39/42 hp.
You closely miss the hound. Your grab misses the hound.
Your tentacle spike misses the hound.
You squeeze the hound. The hound misses you.
You tentacle-slap the hound but do no damage.
Your grab misses the hound.
Your tentacle spike misses the hound.
Your squeeze misses the hound. The hound completely misses you.
The hound barely misses you.
You barely miss the hound. You grab the hound.
Your tentacle spike misses the hound.
You squeeze the hound. You constrict the hound. The hound bites you.
You tentacle-slap the hound.
You kill the hound!
You have reached level 7!
HP[+3]
You now have 46 max hp (+4).
You regained 3 hp, and now have 42/46 hp.
Your transformation is almost over.
Your tentacle spike disappears.
t - a scroll labelled WUFYBA ATODGH HP[+4] MP[+2]
Your hp is fully restored (46).
Your mp is fully restored (10).
Pikel and a lemure come into view.
Pikel is wielding a +2 whip of electrocution.
The lemure shouts!
Pikel shouts!
Pikel moves out of view.
A lemure comes into view.
One of your tentacles grows a vicious spike.
The lemure shouts!
A lemure comes into view. x2
The lemure moves out of view.
MP[-1]
You lost 1 mp, and now have 9/10 mp.
MP[+1]
Your mp is fully restored (10).
Your tentacle spike disappears.
There is a fountain of sparkling water here.
There is a staircase to the Ecumenical Temple, spattered with blood here.
You closely miss the lemure. You grab the lemure.
You constrict the lemure, but do no damage.
The lemure barely misses you.
You tentacle-slap the lemure.
You squeeze the lemure, but do no damage.
You constrict the lemure, but do no damage.
The lemure misses you.
You tentacle-slap the lemure. You squeeze the lemure. You constrict the lemure.
You tentacle-slap the lemure.
You tentacle-slap the lemure, but do no damage.
You constrict the lemure. The lemure barely misses you.
You tentacle-slap the lemure.
You constrict the lemure, but do no damage.
The lemure barely misses you.
The lemure shouts!
You tentacle-slap the lemure. You constrict the lemure.
The lemure barely misses you.
Pikel hits you with a +2 whip of electrocution!
HP[-8]
You take 8 damage, and now have 38/46 hp.
You tentacle-slap the lemure.
You kill the lemure!
That felt strangely unrewarding.
Pikel hits you with a +2 whip of electrocution!
HP[-8]
You take 8 damage, and now have 30/46 hp.
The lemure hits you.
Pikel hits you with a +2 whip of electrocution.
* * * LOW HITPOINT WARNING * * *
You are electrocuted!
* * * LOW HITPOINT WARNING * * *
There is a staircase to the Ecumenical Temple, spattered with blood here.
HP[-23]
You take 23 damage, and now have 7/46 hp.
MASSIVE DAMAGE!! (PAUSE)
The lemure hits you.
* * * LOW HITPOINT WARNING * * *
Pikel hits you with a +2 whip of electrocution!
You die...

Skill      XL: |  1  2  3  4  5  6 |
---------------+-------------------+-----
Stealth        | 1 2 3 4 |  4.3
Unarmed Combat | 4 5 |  5.3
Fighting       | 2 3 |  3.1
Dodging        | 3 |  3.6
Spellcasting   | |  2.0
Transmutations | |  2.0

Action                   |  1- 3 |  4- 6 |  7- 9 || total
-------------------------+-------+-------+-------++-------
Melee: Unarmed           |    76 |    86 |     7 ||   169
       Kick              |    15 |    27 |       ||    42
       Constrict         |    25 |    27 |     1 ||    53
       Tentacles         |    13 |    18 |     2 ||    33
       Punch             |     3 |     3 |     1 ||     7
 Cast: Beastly Appendage |    37 |    33 |     1 ||    71
 Stab: Sleeping          |    12 |     4 |       ||    16
Armor: Skin              |     6 |     4 |       ||    10
Dodge: Dodged            |    32 |    57 |     5 ||    94

Levels and vault maps discovered:
D:1:      psy_arrival_dodecagon, layout_basic, serial_shops,
          nicolae_shop_hallway_plus, minmay_quantized
D:2:      minmay_skewed_foursquare, layout_basic,
          shapermc_ecumenical_altar_petra, item_on_display_a, uniq_natasha
D:3:      layout_loops_cross, grunt_gozag_statues, kennysheep_slug_shrine,
          serial_shops, nicolae_shop_waterfront, nicolae_shop_behind_doors,
          nicolae_shop_hallway_plus, shop, shop
D:4:      mumra_celtic_spiral_tile, layout_rooms, temple_fountains,
          uniq_grinder, uniq_pikel
Temple:   compressed_dpeg_triangle_lava_temple

Notes
Turn   | Place    | Note
-------+----------+-------------------------------------------
     0 | D:1      | zeratav the Octopode Transmuter began the quest for the
                  | Orb.
     0 | D:1      | Reached XP level 1. HP: 13/13 MP: 3/3
     0 | D:1      | magus.rc [v1.9.6]
    92 | D:1      | Reached XP level 2. HP: 18/18 MP: 3/5
   118 | D:1      | Reached skill level 1 in Stealth
   567 | D:1      | Reached XP level 3. HP: 20/23 MP: 6/6
   709 | D:1      | Found Ecebatwu's Distillery.
   994 | D:2      | You pick up a book of Spatial Translocations and begin
                  | reading...
   994 | D:2      | You add the spells Blink, Lesser Beckoning and Manifold
                  | Assault to your library.
  1071 | D:2      | Reached skill level 2 in Stealth
  1101 | D:2      | You pick up a book of Maledictions and begin reading...
  1101 | D:2      | You add the spells Tukima's Dance, Anguish and Enfeeble to
                  | your library.
  1439 | D:2      | You pick up a book of Lightning and begin reading...
  1439 | D:2      | You add the spells Static Discharge, Lightning Bolt and
                  | Maxwell's Capacitive Coupling to your library.
  1575 | D:2      | Noticed Natasha
  1581 | D:2      | Killed Natasha
  1582 | D:2      | Reached XP level 4. HP: 18/29 MP: 5/7
  1856 | D:2      | Reached skill level 4 in Unarmed Combat
  2092 | D:2      | Found a faded altar of an unknown god.
  2358 | D:2      | Noticed Natasha
  2363 | D:2      | Killed Natasha
  2364 | D:2      | Reached skill level 2 in Fighting
  2502 | D:2      | Noticed Natasha
  2510 | D:2      | Killed Natasha
  2511 | D:2      | Reached XP level 5. HP: 28/34 MP: 6/8
  2684 | D:3      | Found Amievots's Weapon Emporium.
  2693 | D:3      | Found Itren's Weapon Emporium.
  2855 | D:3      | Reached skill level 3 in Stealth
  3137 | D:3      | Found Waska's Magic Scroll Shop.
  3211 | D:3      | Found Wef Mypeo's General Store.
  3219 | D:3      | Found a snail-covered altar of Cheibriados.
  3284 | D:3      | Reached skill level 3 in Dodging
  3504 | D:3      | Found Nacaig's General Store.
  3531 | D:3      | Found an opulent altar of Gozag.
  3754 | D:4      | Noticed Grinder
  3800 | D:4      | Found a staircase to the Ecumenical Temple.
  3811 | Temple   | Entered the Ecumenical Temple
  4208 | D:4      | Noticed a black bear
  4218 | D:4      | Killed a black bear
  4219 | D:4      | Reached XP level 6. HP: 26/41 MP: 9/9
  4342 | D:4      | Reached skill level 5 in Unarmed Combat
  4406 | D:4      | HP: 5/41 [orc/+0 flail (10)]
  4407 | D:4      | Reached skill level 4 in Stealth
  4891 | Temple   | Paralysed by Grinder for 4 turns
  5008 | Temple   | Paralysed by Grinder for 5 turns
  5017 | Temple   | Paralysed by Grinder for 7 turns
  5128 | Temple   | Paralysed by Grinder for 3 turns
  5434 | D:4      | Reached skill level 3 in Fighting
  5929 | D:4      | Reached XP level 7. HP: 42/46 MP: 8/10
  5971 | D:4      | Noticed Pikel
  5999 | D:4      | HP: 7/46 [Pikel/+2 whip of electrocution (16)]
  6000 | D:4      | HP: 2/46 [lemure[Pikel] (5)]
  6000 | D:4      | Slain by Pikel

Vanquished Creatures
  A black bear (D:4)
  A lemure (D:4)
  2 hounds (D:4)
  An orc priest (D:4)
  A jelly (D:4)
  Natasha (thrice) (D:2)
  4 adders
  3 gnolls
  2 worms
  4 dart slugs
  8 orcs
  3 endoplasms
  4 giant cockroaches
  9 goblins
  7 hobgoblins
  2 jackals (D:2)
  3 kobolds
  5 quokkas
  7 ball pythons
  2 bats
  4 frilled lizards (D:1)
  9 rats
85 creatures vanquished.

Table legend:
 A = Non-vault XP
 B = Vault XP
 C = Vault XP percentage of total XP
 D = Non-vault monster count
 E = Vault monster count
 F = Vault count percentage of total count
                 A         B        C        D         E       F
            +---------+---------+-------+---------+---------+-------
      Total |     584 |      54 |   8.5 |      72 |      12 |  14.3
            +---------+---------+-------+---------+---------+-------
        D:1 |      41 |       9 |  18.0 |      25 |       6 |  19.4
        D:2 |      98 |      41 |  29.5 |      12 |       5 |  29.4
        D:3 |      49 |       4 |   7.5 |      12 |       1 |   7.7
        D:4 |     375 |       0 |   0.0 |      19 |       0 |   0.0
     Temple |      21 |       0 |   0.0 |       4 |       0 |   0.0
            +---------+---------+-------+---------+---------+-------

Illustrated notes

Table legend:
 A = Kills in this place as a percentage of kills in entire the game.
 B = Kills by you in this place as a percentage of kills by you in the entire game.
 C = Kills by friends in this place as a percentage of kills by friends in the entire game.
 D = Other kills in this place as a percentage of other kills in the entire game.
 E = Experience gained in this place as a percentage of experience gained in the entire game.
 F = Experience gained in this place divided by the number of levels of this place that you have seen.
                   A       B       C       D       E      F
               +-------+-------+-------+-------+-------+----------------------
         Total | 100.0 | 100.0 |   N/A |   N/A | 100.0 | 127.6
       Dungeon |  95.2 |  95.2 |   N/A |   N/A |  96.7 | 154.2
        Temple |   4.8 |   4.8 |   N/A |   N/A |   3.3 |  21.0
               +-------+-------+-------+-------+-------+----------------------

Table legend: (Time is in decaauts)
 A = Elapsed time spent in this place.
 B = Non-inter-level travel time spent in this place.
 C = Inter-level travel time spent in this place.
 D = Time resting spent in this place.
 E = Time spent auto-exploring this place.
 F = Levels seen in this place.
 G = Mean time per level.
                   A        B        C        D        E       F      G
               +--------+--------+--------+--------+--------+-----+--------+
         Total |   6000 |   5311 |    689 |    658 |   3794 |   5 | 1200.0 |
       Dungeon |   4719 |   4345 |    374 |    328 |   3445 |   4 | 1179.8 |
        Temple |   1280 |    965 |    315 |    330 |    349 |   1 | 1280.0 |
               +--------+--------+--------+--------+--------+-----+--------+

Top non-repeatable levels by time:
     D:2: 1750 daAuts
  Temple: 1280 daAuts
     D:3: 1110 daAuts
     D:1: 936 daAuts
     D:4: 921 daAuts
